TOP OF THE 1ST |
Boston (APP) Red Sox batting - Pitching for Seattle (APP) Mariners : RHP Luis Castro
|
Pitching: RHP Luis Castro
|
|
Batting: LHB Stanislav Parusov
|
0-0: Called Strike 0-1: Ball 1-1: Ball 2-1: Fly out, F3 (Line Drive, 4, EV 66.2 MPH)
|
Batting: RHB Matt Hinkle
|
0-0: Ball 1-0: Ball 2-0: Called Strike 2-1: Reached on error, E6 (Popup, 6D, EV 73.1 MPH)
|
Batting: RHB Frank Sokolosky
|
0-0: Ball 1-0: Foul Ball, location: 2F 1-1: Ball 2-1: Ball 3-1: Fly out, F6 (Line Drive, 6, EV 69.4 MPH)
|
Batting: RHB William Lung
|
0-0: Called Strike 0-1: Ground out 1-3 (Groundball, P, EV 67.5 MPH)
|
Top of the 1st over - 0 runs, 0 hits, 1 error, 1 left on base; Boston (APP) 0 - Seattle (APP) 0 |
BOTTOM OF THE 1ST |
Seattle (APP) Mariners batting - Pitching for Boston (APP) Red Sox : LHP Roald van Erkel
|
Pitching: LHP Roald van Erkel
|
|
Batting: RHB Kikuo Sato
|
0-0: Called Strike 0-1: Called Strike 0-2: Fly out, F9 (Flyball, 9LM, EV 90.0 MPH)
|
Batting: RHB Mike Conaway
|
0-0: Ball 1-0: Called Strike 1-1: Foul Ball, location: 2F 1-2: Foul Ball, location: 2F 1-2: Fly out, F6 (Flyball, 56D, EV 91.2 MPH)
|
Batting: RHB Tze-meng Li
|
0-0: Ball 1-0: Ball 2-0: Called Strike 2-1: Foul Ball, location: 2F 2-2: Ball 3-2: Base on Balls
|
Batting: RHB Chris Olheiser
|
0-0: Ball 1-0: Called Strike Tze-meng Li steals 2nd base 1-1: Ball 2-1: Ball 3-1: Called Strike 3-2: Foul Ball, location: 2F 3-2: Foul Ball, location: 2F 3-2: Foul Ball, location: 2F 3-2: Strikes out swinging
|
Bottom of the 1st over - 0 runs, 0 hits, 0 errors, 1 left on base; Boston (APP) 0 - Seattle (APP) 0 |
TOP OF THE 2ND |
Boston (APP) Red Sox batting - Pitching for Seattle (APP) Mariners : RHP Luis Castro
|
Batting: LHB Frank Olivo
|
0-0: Foul Ball, location: 2F 0-1: Ball 1-1: Foul Ball, location: 2F 1-2: Foul Ball, location: 2F 1-2: Ball 2-2: Ball 3-2: Fly out, F9 (Flyball, 9LM, EV 110.0 MPH)
|
Batting: RHB Mike Strey
|
0-0: Ball 1-0: Ball 2-0: Called Strike 2-1: Called Strike 2-2: SOLO HOME RUN (Flyball, 7LD, EV 92.5 MPH), Distance : 350 ft
|
Batting: RHB Dominique Paolozzi
|
0-0: Ball 1-0: Called Strike 1-1: Called Strike 1-2: Ground out 5-3 (Groundball, 56, EV 83.8 MPH)
|
Batting: RHB Rogelio Cervantes
|
0-0: Foul Ball, location: 2F 0-1: Ball 1-1: Ball 2-1: Foul Ball, location: 2F 2-2: Foul Ball, location: 2F 2-2: Foul Ball, location: 2F 2-2: Strikes out swinging
|
Top of the 2nd over - 1 run, 1 hit, 0 errors, 0 left on base; Boston (APP) 1 - Seattle (APP) 0 |
BOTTOM OF THE 2ND |
Seattle (APP) Mariners batting - Pitching for Boston (APP) Red Sox : LHP Roald van Erkel
|
Batting: LHB Ryan Lowe
|
0-0: Foul Ball, location: 2F 0-1: Foul Ball, location: 2F 0-2: Ball 1-2: Ball 2-2: Strikes out swinging
|
Batting: RHB Hideo Okimura
|
0-0: Ball 1-0: Ball 2-0: Fly out, F7 (Flyball, 7LM, EV 90.6 MPH)
|
Batting: SHB Tony Morales
|
0-0: Ball 1-0: Called Strike 1-1: Fly out, F8 (Flyball, 78M, EV 81.2 MPH)
|
Bottom of the 2nd over - 0 runs, 0 hits, 0 errors, 0 left on base; Boston (APP) 1 - Seattle (APP) 0 |
TOP OF THE 3RD |
Boston (APP) Red Sox batting - Pitching for Seattle (APP) Mariners : RHP Luis Castro
|
Batting: RHB Joe Booth
|
0-0: Ball 1-0: Called Strike 1-1: Fly out, F8 (Line Drive, 8LS, EV 90.0 MPH)
|
Batting: LHB Stanislav Parusov
|
0-0: Ball 1-0: Ball 2-0: Foul Ball, location: 2F 2-1: Fly out, F8 (Line Drive, 8LM, EV 106.9 MPH)
|
Batting: RHB Matt Hinkle
|
0-0: Ball 1-0: Swinging Strike 1-1: Foul Ball, location: 2F 1-2: Ball 2-2: Hit by Pitch
|
Batting: RHB Frank Sokolosky
|
0-0: Called Strike 0-1: Fielders Choice at 2nd, U4 (Groundball, 4M, EV 77.5 MPH)
|
Top of the 3rd over - 0 runs, 0 hits, 0 errors, 1 left on base; Boston (APP) 1 - Seattle (APP) 0 |
BOTTOM OF THE 3RD |
Seattle (APP) Mariners batting - Pitching for Boston (APP) Red Sox : LHP Roald van Erkel
|
Batting: RHB Enrique Valdez
|
0-0: Foul Ball, location: 2F 0-1: Ball 1-1: Swinging Strike 1-2: Foul Ball, location: 2F 1-2: Fly out, F8 (Flyball, 8LD, EV 87.5 MPH)
|
Batting: RHB John Vasquez
|
0-0: Ball 1-0: Ball 2-0: Ball 3-0: Base on Balls
|
Batting: RHB Kikuo Sato
|
0-0: Ball 1-0: Grounds into double play, 6-4-3 (Groundball, 6, EV 87.5 MPH)
|
Bottom of the 3rd over - 0 runs, 0 hits, 0 errors, 0 left on base; Boston (APP) 1 - Seattle (APP) 0 |
TOP OF THE 4TH |
Boston (APP) Red Sox batting - Pitching for Seattle (APP) Mariners : RHP Luis Castro
|
Batting: RHB William Lung
|
0-0: Foul Ball, location: 2F 0-1: TRIPLE (Line Drive, 8LXD, EV 103.8 MPH)
|
Batting: LHB Frank Olivo
|
0-0: Foul Ball, location: 2F 0-1: Ball 1-1: Ball 2-1: Foul Ball, location: 2F 2-2: Foul Ball, location: 2F 2-2: Ball 3-2: Base on Balls
|
Batting: RHB Mike Strey
|
0-0: Called Strike 0-1: Ball 1-1: Grounds into double play, 5-4-3 (Groundball, 56S, EV 85.0 MPH) William Lung scores
|
Batting: RHB Dominique Paolozzi
|
0-0: Ball 1-0: Foul Ball, location: 2F 1-1: Swinging Strike 1-2: Strikes out looking
|
Top of the 4th over - 1 run, 1 hit, 0 errors, 0 left on base; Boston (APP) 2 - Seattle (APP) 0 |
BOTTOM OF THE 4TH |
Seattle (APP) Mariners batting - Pitching for Boston (APP) Red Sox : LHP Roald van Erkel
|
Batting: RHB Mike Conaway
|
0-0: Ball 1-0: Ball 2-0: Ground out 1-3 (Groundball, 34S, EV 72.5 MPH)
|
Batting: RHB Tze-meng Li
|
0-0: Called Strike 0-1: Ball 1-1: Ball 2-1: Ball 3-1: Foul Ball, location: 2F 3-2: SINGLE (Line Drive, 7S, EV 110.0 MPH)
|
Batting: RHB Chris Olheiser
|
0-0: Fly out, F7 (Flyball, 78S, EV 98.1 MPH)
|
Batting: LHB Ryan Lowe
|
Balk! Tze-meng Li to second 0-0: Called Strike 0-1: Swinging Strike 0-2: Ball 1-2: Foul Ball, location: 2F 1-2: Strikes out swinging
|
Bottom of the 4th over - 0 runs, 1 hit, 0 errors, 1 left on base; Boston (APP) 2 - Seattle (APP) 0 |
TOP OF THE 5TH |
Boston (APP) Red Sox batting - Pitching for Seattle (APP) Mariners : RHP Luis Castro
|
Batting: RHB Rogelio Cervantes
|
0-0: Called Strike 0-1: Ball 1-1: DOUBLE (Flyball, 89D, EV 106.9 MPH)
|
Batting: RHB Joe Booth
|
0-0: Called Strike Rogelio Cervantes steals 3rd, throwing error, E2 Rogelio Cervantes scores 0-1: Ball 1-1: Foul Ball, location: 2F 1-2: Ball 2-2: Fly out, F9 (Flyball, 9D, EV 83.1 MPH)
|
Batting: LHB Stanislav Parusov
|
0-0: Swinging Strike 0-1: Called Strike 0-2: Foul Ball, location: 2F 0-2: Ball 1-2: Ground out 4-3 (Groundball, 4, EV 91.2 MPH)
|
Batting: RHB Matt Hinkle
|
0-0: Ball 1-0: Foul Ball, location: 2F 1-1: Swinging Strike 1-2: Ball 2-2: Strikes out swinging, 2-3 out at first.
|
Top of the 5th over - 1 run, 1 hit, 1 error, 0 left on base; Boston (APP) 3 - Seattle (APP) 0 |
BOTTOM OF THE 5TH |
Seattle (APP) Mariners batting - Pitching for Boston (APP) Red Sox : LHP Roald van Erkel
|
Batting: RHB Hideo Okimura
|
0-0: Called Strike 0-1: Called Strike 0-2: Foul Ball, location: 2F 0-2: Ball 1-2: Strikes out swinging
|
Batting: SHB Tony Morales
|
0-0: Ball 1-0: Called Strike 1-1: Called Strike 1-2: Strikes out looking
|
Batting: RHB Enrique Valdez
|
0-0: Ball 1-0: Ball 2-0: Called Strike 2-1: SINGLE (Popup, 4D, EV 67.5 MPH)
|
Batting: RHB John Vasquez
|
0-0: Ball Enrique Valdez steals 2nd, throwing error, E2 Enrique Valdez to third 1-0: Swinging Strike 1-1: Called Strike 1-2: Strikes out swinging
|
Bottom of the 5th over - 0 runs, 1 hit, 1 error, 1 left on base; Boston (APP) 3 - Seattle (APP) 0 |
TOP OF THE 6TH |
Boston (APP) Red Sox batting - Pitching for Seattle (APP) Mariners : RHP Luis Castro
|
Batting: RHB Frank Sokolosky
|
0-0: Ball 1-0: Ball 2-0: Foul Ball, location: 2F 2-1: SINGLE (Groundball, 6M, EV 99.4 MPH) (infield hit)
|
Batting: RHB William Lung
|
0-0: Ball 1-0: Ball 2-0: Ball 3-0: Base on Balls Frank Sokolosky to second
|
Batting: LHB Frank Olivo
|
0-0: Swinging Strike 0-1: Fly out, F9 (Flyball, 9, EV 85.0 MPH)
|
Batting: RHB Mike Strey
|
0-0: SINGLE (Line Drive, 4D, EV 97.5 MPH) Frank Sokolosky to third William Lung to second Runner from 3rd tries for Home, throw by RF and OUT! 9-2
|
Batting: RHB Dominique Paolozzi
|
0-0: Ground out 5-3 (Groundball, 5S, EV 68.1 MPH)
|
Top of the 6th over - 0 runs, 2 hits, 0 errors, 2 left on base; Boston (APP) 3 - Seattle (APP) 0 |
BOTTOM OF THE 6TH |
Seattle (APP) Mariners batting - Pitching for Boston (APP) Red Sox : LHP Roald van Erkel
|
Pitching: LHP Eddie Contreras
|
|
Batting: RHB Kikuo Sato
|
0-0: Reached on error, E3 (Groundball, 34, EV 92.5 MPH)
|
Batting: RHB Mike Conaway
|
0-0: Ball Kikuo Sato is caught stealing 2nd base 2-4 1-0: Ball 2-0: Called Strike 2-1: Ball 3-1: TRIPLE (Flyball, 89XD, EV 102.5 MPH)
|
Batting: RHB Tze-meng Li
|
0-0: Foul Ball, location: 2F 0-1: SINGLE (Line Drive, 4M, EV 95.0 MPH) Mike Conaway scores
|
Batting: RHB Chris Olheiser
|
0-0: Ball 1-0: Called Strike 1-1: Ball 2-1: Swinging Strike 2-2: Strikes out swinging
|
Batting: LHB Ryan Lowe
|
0-0: Called Strike 0-1: Swinging Strike 0-2: Ball Tze-meng Li is caught stealing 2nd base 2-6
|
Bottom of the 6th over - 1 run, 2 hits, 1 error, 0 left on base; Boston (APP) 3 - Seattle (APP) 1 |
TOP OF THE 7TH |
Boston (APP) Red Sox batting - Pitching for Seattle (APP) Mariners : RHP Luis Castro
|
Batting: RHB Rogelio Cervantes
|
0-0: Foul Ball, location: 2F 0-1: Ball 1-1: Ground out 5-3 (Groundball, 56S, EV 64.4 MPH)
|
Pitching: RHP In Bea
|
|
Batting: RHB Joe Booth
|
0-0: Ball 1-0: Foul Ball, location: 2F 1-1: Ball 2-1: Ball 3-1: Foul Ball, location: 2F 3-2: Strikes out swinging
|
Batting: LHB Stanislav Parusov
|
0-0: Ball 1-0: Ball 2-0: Foul Ball, location: 2F 2-1: Ball 3-1: SOLO HOME RUN (Flyball, 9D, EV 98.8 MPH), Distance : 361 ft
|
Batting: RHB Matt Hinkle
|
0-0: Swinging Strike 0-1: Swinging Strike 0-2: Ground out 5-3 (Groundball, 56, EV 105.6 MPH)
|
Top of the 7th over - 1 run, 1 hit, 0 errors, 0 left on base; Boston (APP) 4 - Seattle (APP) 1 |
BOTTOM OF THE 7TH |
Seattle (APP) Mariners batting - Pitching for Boston (APP) Red Sox : LHP Eddie Contreras
|
Pitching: RHP Victor Escobar
|
|
Batting: LHB Ryan Lowe
|
0-0: Ball 1-0: Foul Ball, location: 2F 1-1: Ball 2-1: Called Strike 2-2: Ball 3-2: Foul Ball, location: 2F 3-2: DOUBLE (Line Drive, 9LS, EV 112.5 MPH)
|
Batting: RHB Hideo Okimura
|
0-0: Ball 1-0: Ball 2-0: Ball 3-0: Called Strike 3-1: Foul Ball, location: 2F 3-2: DOUBLE (Line Drive, 89XD, EV 105.6 MPH) Ryan Lowe scores
|
Batting: SHB Tony Morales
|
0-0: Called Strike 0-1: SINGLE (Groundball, 6M, EV 106.9 MPH) (infield hit) Hideo Okimura to third
|
Batting: RHB Enrique Valdez
|
0-0: Ball 1-0: Ball 2-0: Foul Ball, location: 2F 2-1: Ball 3-1: Called Strike Tony Morales steals 2nd base 3-2: Ground out 6-3 (Groundball, 6, EV 83.8 MPH) Hideo Okimura scores Tony Morales to third
|
Pinch Hitting: RHB Ivan Davila
|
0-0: Ball 1-0: Swinging Strike 1-1: Swinging Strike 1-2: Ball 2-2: Ball 3-2: Strikes out swinging
|
Batting: RHB Kikuo Sato
|
0-0: Ball 1-0: Swinging Strike 1-1: Foul Ball, location: 2F 1-2: Ball 2-2: Strikes out looking
|
Bottom of the 7th over - 2 runs, 3 hits, 0 errors, 1 left on base; Boston (APP) 4 - Seattle (APP) 3 |
TOP OF THE 8TH |
Boston (APP) Red Sox batting - Pitching for Seattle (APP) Mariners : RHP In Bea
|
Pitching: RHP Matt Lane
|
|
Now in RF: Ivan Davila
|
|
Batting: RHB Frank Sokolosky
|
0-0: Ball 1-0: Fly out, F3 (Line Drive, 3, EV 63.8 MPH)
|
Batting: RHB William Lung
|
0-0: Ball 1-0: Called Strike 1-1: Ball 2-1: Ground out U3 (Groundball, 13, EV 80.6 MPH)
|
Batting: LHB Frank Olivo
|
0-0: Ball 1-0: Ball 2-0: Ball 3-0: Called Strike 3-1: Called Strike 3-2: Ground out 5-3 (Groundball, 5, EV 92.5 MPH)
|
Top of the 8th over - 0 runs, 0 hits, 0 errors, 0 left on base; Boston (APP) 4 - Seattle (APP) 3 |
BOTTOM OF THE 8TH |
Seattle (APP) Mariners batting - Pitching for Boston (APP) Red Sox : RHP Victor Escobar
|
Pitching: RHP Mike Tolley
|
|
Batting: RHB Mike Conaway
|
0-0: Ground out 6-3 (Groundball, 56, EV 84.4 MPH)
|
Batting: RHB Tze-meng Li
|
0-0: Ball 1-0: Fly out, F6 (Flyball, 6MD, EV 93.8 MPH)
|
Batting: RHB Chris Olheiser
|
0-0: Ground out 6-3 (Groundball, 56, EV 108.8 MPH)
|
Bottom of the 8th over - 0 runs, 0 hits, 0 errors, 0 left on base; Boston (APP) 4 - Seattle (APP) 3 |
TOP OF THE 9TH |
Boston (APP) Red Sox batting - Pitching for Seattle (APP) Mariners : RHP Matt Lane
|
Pinch Hitting: SHB Eric Evans
|
0-0: SINGLE (Groundball, 6S, EV 73.8 MPH) (infield hit)
|
Batting: RHB Dominique Paolozzi
|
0-0: Ball 1-0: Grounds into double play, 6-4-3 (Groundball, 6, EV 88.1 MPH)
|
Batting: RHB Rogelio Cervantes
|
0-0: Ball 1-0: Called Strike 1-1: Foul Ball, location: 2F 1-2: Ground out 4-3 (Groundball, 4M, EV 100.0 MPH)
|
Top of the 9th over - 0 runs, 1 hit, 0 errors, 0 left on base; Boston (APP) 4 - Seattle (APP) 3 |
BOTTOM OF THE 9TH |
Seattle (APP) Mariners batting - Pitching for Boston (APP) Red Sox : RHP Mike Tolley
|
Pitching: RHP Juan Mejia
|
|
Now at C: Rich Boysen
|
|
Batting: LHB Ryan Lowe
|
0-0: Ball 1-0: Foul Ball, location: 2F 1-1: Ball 2-1: Ball 3-1: Base on Balls
|
Batting: RHB Hideo Okimura
|
0-0: Ball 1-0: Ball 2-0: Ball 3-0: Swinging Strike 3-1: Foul Ball, location: 2F 3-2: Grounds into double play, 6-4-3 (Groundball, 6, EV 87.5 MPH)
|
Batting: SHB Tony Morales
|
0-0: Ball 1-0: Ball 2-0: Swinging Strike 2-1: Foul Ball, location: 2F 2-2: Foul Ball, location: 2F 2-2: Foul Ball, location: 2F 2-2: Strikes out swinging
|
Bottom of the 9th over - 0 runs, 0 hits, 0 errors, 0 left on base; Boston (APP) 4 - Seattle (APP) 3 |
|